 Dungeon Crawl Stone Soup version 0.30.0-29-ga12c61a403 (webtiles) character file.

Game seed: 13721561426047868328

679 qw the Chopper (level 7, -5/43 HPs)
             Began as a Gargoyle Fighter on June 3, 2023.
             Slain by a river rat (7 damage)
             ... summoned by Eustachio
             ... on level 4 of the Dungeon.
             The game lasted 00:02:17 (4030 turns).

qw the Chopper (Gargoyle Fighter)                   Turns: 4030, Time: 00:02:17

Health: -5/43      AC: 15    Str: 21    XL:     7   Next: 60%
Magic:  7/7        EV:  7    Int:  9    God:
Gold:   117        SH:  8    Dex:  9    Spells: 6/6 levels left

rFire   . . .        Y - +1 war axe
rCold   . . .        p - +0 kite shield
rNeg    + + .        e - +0 chain mail of the Cuttlefish {rN+}
rPois   inf          f - +0 helmet
rElec   +            (no cloak)
rCorr   .            (no gloves)
SInv    .            (no boots)
Will    .....        r - amulet of the acrobat Stlth
                     (no ring)
HPRegen 0.27/turn    (no ring)
MPRegen 0.10/turn

%: acrobat
@: no status effects
A: sickness immunity, AC +4, negative energy resistance 1, electricity
resistance, torment resistance 1, petrification resistance
a: no special abilities


You were on level 4 of the Dungeon.
You visited 1 branch of the dungeon, and saw 4 of its levels.

You collected 117 gold pieces.


Innate Abilities, Weirdness & Mutations

You are immune to sickness and miasma.
Your stone body is resilient. (AC +4)
You are immune to poison.
You resist negative energy. (rN+)
You are resistant to electric shocks. (rElec)
You are resistant to unholy torment.
You are immune to petrification.


   Skills:
 - Level 4.0 Fighting
 - Level 5.7 Axes
 - Level 3.2 Armour
 - Level 3.0 Dodging
 + Level 4.7 Shields


You had 6 spell levels left.
You didn't know any spells.
Your spell library was empty.

Inventory:

Hand Weapons
 b - a +0 flail
 Y - a +1 war axe (weapon)
Armour
 e - the +0 chain mail of the Cuttlefish (worn) {rN+}
   (You found it on level 3 of the Dungeon)

   rN:        It protects you from negative energy.
 f - a +0 helmet (worn)
 p - a +0 kite shield (worn)
Jewellery
 r - an amulet of the acrobat (around neck)
Scrolls
 c - 2 scrolls of teleportation
 m - 2 scrolls of enchant armour {unknown}
Potions
 a - a potion of lignification {unknown}
 d - a potion of might
 g - a potion of flight {unknown}
 h - a potion of mutation {unknown}
 i - a potion of resistance
 j - a potion of attraction
 k - a potion of ambrosia {unknown}
 l - a potion of berserk rage {unknown}
 o - 2 potions of curing {unknown}

Dungeon Overview and Level Annotations

Branches:
Dungeon (4/15)
 Temple: D:4-7

Altars:
Nemelex Xobeh

Annotations:
D:2 1 runed translucent door, Crazy Yiuf
D:4 2 transporters, Eustachio; qw's ghost, amateur GrFi


Message History

The ufetubus hits you but does no damage. x2
The river rat bites you.
You completely miss the river rat.
The river rat is heavily wounded.
You closely miss the river rat. You slash the crimson imp!
You barely miss the ufetubus. You hit the iron imp.
You block the ufetubus's attack.
The ufetubus hits you but does no damage.
The river rat bites you but does no damage.
The crimson imp hits you but does no damage.
You block the river rat's attack.
The iron imp hits you but does no damage.
You block the ufetubus's attack.
The ufetubus hits you but does no damage.
The river rat bites you but does no damage.
You closely miss the crimson imp.
The crimson imp is severely wounded.
You hit the ufetubus but do no damage. You slash the iron imp!
You hit the river rat. You barely miss the river rat.
The ufetubus hits you but does no damage.
The ufetubus barely misses you.
The crimson imp hits you but does no damage.
The river rat closely misses you.
The iron imp hits you but does no damage.
The river rat twitches its whiskers.
You block the river rat's attack. You block the crimson imp's attack.
The ufetubus hits you but does no damage.
The ufetubus hits you.
You barely miss the river rat.
The river rat is severely wounded.
You closely miss the ufetubus. You hit the iron imp but do no damage.
You closely miss the river rat. You miss the crimson imp.
The river rat bites you but does no damage.
You block the ufetubus's attack.
The ufetubus hits you but does no damage.
Eustachio mumbles some strange words.
Eustachio blinks!
The river rat barely misses you.
The crimson imp hits you but does no damage.
The iron imp hits you! The river rat bites you!
You die...

... ........#
....## . ......#
....#.##. .......
.........##......
.......>##.......
.#.....¤.#......
......rr5...####
#...b5@r.....#
###...¤5##..##.....
#.......###..# .r.
#.@......##.## .
..........#..#
.............# ..
.............#...
####............#
#...............#


You could see Eustachio, an iron imp (summoned), a crimson imp (summoned), 2
river rats, an ufetubus (summoned), a quokka (summoned) and a bat (summoned).

Vanquished Creatures
  Grinder (D:3)
  Sigmund (D:3)
  An orc priest (D:3)
  A gnoll bouda (D:4)
  2 iguanas (D:3)
  An orc wizard (D:3)
  Robin (D:2)
  8 gnolls (D:4)
  2 adders
  10 dart slugs
  4 orcs
  5 ball pythons
  3 endoplasms
  2 giant cockroaches
  4 hobgoblins
  3 jackals (D:1)
  A quokka (D:2)
  7 bats
  3 frilled lizards
  15 goblins
  4 kobolds
  7 rats
86 creatures vanquished.

Notes
Turn   | Place    | Note
-------+----------+-------------------------------------------
     0 | D:1      | qw the Gargoyle Fighter began the quest for the Orb.
     0 | D:1      | Reached XP level 1. HP: 14/14 MP: 1/1
     0 | D:1      | 0 ||| qw: Version: 0.2-a-103-g5a998e5
     0 | D:1      | 0 ||| qw: Game counter: 1116
     0 | D:1      | 0 ||| qw: Always use a shield: true
     0 | D:1      | 0 ||| qw: God list: Okawaru
     0 | D:1      | 0 ||| qw: Allow faded altars: false
     0 | D:1      | 0 ||| qw: Do Orc after D:15 true
     0 | D:1      | 0 ||| qw: Do second Lair branch before Depths: true
     0 | D:1      | 0 ||| qw: Lair rune preference: random
     0 | D:1      | 0 ||| qw: Plans: Normal, Zot:1-4, Slime:5, God:TSO, Crypt,
                  | Tomb, Pan, Hells, Abyss, Win
     0 | D:1      | 0 ||| PLANNING D:1-11
   125 | D:1      | Reached skill level 2 in Axes
   287 | D:1      | Found a faded altar of an unknown god.
   334 | D:1      | Reached XP level 2. HP: 17/19 MP: 2/2
   387 | D:1      | 387 ||| DROPPING +0 club.
  1092 | D:1      | 1092 ||| UPGRADING to +0 helmet.
  1097 | D:1      | 1097 ||| READING scroll labelled ORIWICHIDE.
  1098 | D:1      | 1098 ||| READING scroll labelled ANIRAZUUSE.
  1111 | D:1      | 1111 ||| READING scroll labelled YCKYUN ZAUL.
  1112 | D:1      | 1112 ||| READING scroll labelled RUUZXU FIKK.
  1113 | D:1      | 1113 ||| READING scroll labelled HYTYMY TUPEQO.
  1114 | D:1      | 1114 ||| READING scroll labelled WEHAVOISEUST.
  1115 | D:1      | 1115 ||| READING scroll labelled MEREAD MIXTADU.
  1288 | D:2      | Reached skill level 3 in Axes
  1288 | D:2      | Reached XP level 3. HP: 23/23 MP: 3/3
  1439 | D:2      | Noticed Robin
  1457 | D:2      | Killed Robin
  1460 | D:2      | 1460 ||| FLEEEEING.
  1467 | D:2      | 1467 ||| STAIRDANCE
  1533 | D:2      | Reached XP level 4. HP: 28/28 MP: 4/4
  1534 | D:2      | 1534 ||| Stepping ~*~*~tactically~*~*~ (stealth).
  1539 | D:2      | 1539 ||| Stepping ~*~*~tactically~*~*~ (stealth).
  1550 | D:2      | 1550 ||| Stepping ~*~*~tactically~*~*~ (stealth).
  1552 | D:2      | Found a sparkling altar of Nemelex Xobeh.
  1815 | D:2      | Found a runed translucent door.
  1816 | D:2      | Noticed Crazy Yiuf
  1946 | D:2      | 1946 ||| READING scroll labelled ALYVI NINIRAE.
  1947 | D:2      | 1947 ||| DRINKING 2 bubbling clear potions.
  1996 | D:3      | Identified the +0 chain mail of the Cuttlefish {rN+}
  2006 | D:3      | 2006 ||| Stepping ~*~*~tactically~*~*~ (hiding).
  2115 | D:3      | Noticed Sigmund
  2116 | D:3      | 2116 ||| Stepping ~*~*~tactically~*~*~ (hiding).
  2127 | D:3      | HP: 7/28 [dart slug/slug dart (5)]
  2130 | D:3      | HP: 1/28 [Sigmund/+0 scythe (5)]
  2131 | D:3      | Reached skill level 4 in Axes
  2133 | D:3      | Killed Sigmund
  2134 | D:3      | Reached skill level 5 in Axes
  2134 | D:3      | Reached XP level 5. HP: 2/32 MP: 5/5
  2134 | D:3      | Reached XP level 6. HP: 3/37 MP: 6/6
  2381 | D:3      | 2381 ||| Stepping ~*~*~tactically~*~*~ (hiding).
  2412 | D:3      | 2412 ||| Stepping ~*~*~tactically~*~*~ (stealth).
  2424 | D:3      | 2424 ||| Stepping ~*~*~tactically~*~*~ (hiding).
  2560 | D:3      | 2560 ||| Stepping ~*~*~tactically~*~*~ (stealth).
  2562 | D:3      | 2562 ||| Stepping ~*~*~tactically~*~*~ (hiding).
  2563 | D:3      | 2563 ||| Stepping ~*~*~tactically~*~*~ (hiding).
  2569 | D:3      | 2569 ||| Stepping ~*~*~tactically~*~*~ (hiding).
  2570 | D:3      | 2570 ||| Stepping ~*~*~tactically~*~*~ (hiding).
  2775 | D:3      | 2775 ||| Stepping ~*~*~tactically~*~*~ (stealth).
  2775 | D:3      | Noticed Grinder
  2786 | D:3      | Killed Grinder
  2787 | D:3      | Reached skill level 3 in Dodging
  2787 | D:3      | Reached XP level 7. HP: 38/43 MP: 7/7
  3016 | D:3      | 3016 ||| Stepping ~*~*~tactically~*~*~ (hiding).
  3017 | D:3      | 3017 ||| Stepping ~*~*~tactically~*~*~ (hiding).
  3252 | D:3      | 3252 ||| UPGRADING to +0 chain mail of the Cuttlefish
                  | {rN+}.
  3262 | D:3      | 3262 ||| DROPPING +0 scale mail.
  3263 | D:3      | 3263 ||| UPGRADING to +0 kite shield.
  3273 | D:3      | 3273 ||| DROPPING +0 buckler.
  3274 | D:3      | 3274 ||| UPGRADING to amulet of the acrobat.
  3279 | D:3      | 3279 ||| READING scroll labelled QOUGGYAMAW.
  3282 | D:3      | 3282 ||| READING scroll labelled SOODOCL EJYO.
  3383 | D:3      | 3383 ||| READING scroll labelled HAESCH AXEOSS.
  3384 | D:3      | 3384 ||| READING scroll labelled VEBOCK XAFF.
  3385 | D:3      | 3385 ||| DRINKING 2 orange potions.
  3568 | D:4      | 3568 ||| STAIRDANCE
  3582 | D:3      | 3582 ||| DROPPING +0 whip.
  3740 | D:4      | Found a transporter.
  3740 | D:4      | Noticed qw's ghost (amateur GrFi)
  3744 | D:4      | Found a transporter.
  3791 | D:4      | 3791 ||| FLEEEEING.
  3792 | D:4      | 3792 ||| FLEEEEING.
  3801 | D:4      | 3801 ||| STAIRDANCE
  3879 | D:4      | HP: 10/43 [gnoll/+0 halberd[a gnoll bouda] (6)]
  3880 | D:4      | 3880 ||| READING 2 scrolls of teleportation.
  3881 | D:4      | 3881 ||| DRINKING potion of heal wounds.
  3987 | D:4      | Noticed Eustachio
  3988 | D:4      | 3988 ||| Stepping ~*~*~tactically~*~*~ (hiding).
  3992 | D:4      | 3992 ||| Stepping ~*~*~tactically~*~*~ (hiding).
  4030 | D:4      | HP: 2/43 [iron imp[Eustachio] (9)]
  4030 | D:4      | Slain by a river rat

Levels and vault maps discovered:
D:1:      psy_arrival_basics, layout_basic,
          hellmonk_ecumenical_altar_leap_of_faith
D:2:      layout_rooms, basic_altar, chequers_serial_rivers_small_b, uniq_robin,
          uniq_crazy_yiuf_cottage
D:3:      kennysheep_slugbush, layout_basic, uniq_sigmund, uniq_grinder
D:4:      layout_cave_pools, nicolae_hepliaklqana_monster_ancestors,
          gammafunk_ghost_mausoleum, uniq_eustachio, uniq_menkaure

Skill      XL: |  1  2  3  4  5  6  7 |
---------------+----------------------+-----
Axes           | 2 3 5 |  5.7
Fighting       | 4 |  4.0
Dodging        | 3 |  3.0
Shields        | 4 |  4.7
Armour         | |  3.2

Action                     |  1- 3 |  4- 6 |  7- 9 || total
---------------------------+-------+-------+-------++-------
  Melee: War axe           |    99 |    76 |    99 ||   274
    Use: Scroll            |     7 |     1 |     5 ||    13
         Potion            |       |     1 |     2 ||     3
 Armour: Scale mail        |    55 |    38 |     2 ||    95
         Chain mail        |       |       |    72 ||    72
  Dodge: Dodged            |    46 |    33 |    57 ||   136
  Block: Buckler           |    12 |    11 |     6 ||    29
         Kite shield       |       |       |    60 ||    60

Table legend:
 A = Non-vault XP
 B = Vault XP
 C = Vault XP percentage of total XP
 D = Non-vault monster count
 E = Vault monster count
 F = Vault count percentage of total count
                 A         B        C        D         E       F
            +---------+---------+-------+---------+---------+-------
      Total |     410 |     561 |  57.8 |      62 |      24 |  27.9
            +---------+---------+-------+---------+---------+-------
        D:1 |      25 |       0 |   0.0 |      18 |       0 |   0.0
        D:2 |      29 |      37 |  56.1 |       9 |      13 |  59.1
        D:3 |     188 |     524 |  73.6 |      20 |      11 |  35.5
        D:4 |     168 |       0 |   0.0 |      15 |       0 |   0.0
            +---------+---------+-------+---------+---------+-------
